FLO
CLEARWATER THRESHERS @ LAKELAND FLYING TIGERS
04/10/2024
 
TOP OF THE 1ST
Clearwater Threshers batting - Pitching for Lakeland Flying Tigers : LHP Stephen Pikiell
Pitching: LHP Stephen Pikiell
Batting: LHB José Gutiérrez 0-0: Called Strike
0-1: Foul Ball, location: 2F
0-2: Strikes out swinging
Batting: RHB Jack Blomgren 0-0: Called Strike
0-1: Foul Ball, location: 25F
0-2: Ball
1-2: Ball
2-2: Foul Ball, location: 2F
2-2: Ball
3-2: Foul Ball, location: 9LDF
3-2: SINGLE (Line Drive, 4D, EV 93.8 MPH)
Batting: RHB Nick Miller 0-0: Ball
1-0: Ball
2-0: Foul Ball, location: 2F
2-1: SINGLE (Line Drive, 9S, EV 93.1 MPH)
Jack Blomgren to second
Batting: SHB Félix Herrera 0-0: Ball
1-0: Ball
2-0: Swinging Strike
2-1: Called Strike
2-2: Ball
3-2: SINGLE (Groundball, 4MD, EV 104.4 MPH)
Jack Blomgren to third
Nick Miller to second
Runner from 3rd tries for Home, SAFE, throw by CF to home
Batting: LHB Lyndon Holland 0-0: Fielders Choice at 2nd, 6-4 (Groundball, 6, EV 100.0 MPH)
Nick Miller to third
Batting: RHB Senen Pakpahan 0-0: Ball
1-0: Called Strike
1-1: Ground out U3 (Groundball, 3S, EV 94.4 MPH)
Top of the 1st over - 1 run, 3 hits, 0 errors, 2 left on base; Clearwater 1 - Lakeland 0
BOTTOM OF THE 1ST
Lakeland Flying Tigers batting - Pitching for Clearwater Threshers : RHP Shane Illingworth
Pitching: RHP Shane Illingworth
Batting: LHB Julián Colón 0-0: Called Strike
0-1: Fly out, F9 (Flyball, 9D, EV 106.3 MPH)
Batting: RHB Ambrose MacDonald 0-0: Foul Ball, location: 2F
0-1: Ball
1-1: Ball
2-1: Foul Ball, location: 2F
2-2: Ball
3-2: Foul Ball, location: 25F
3-2: Foul Ball, location: 25F
3-2: Strikes out swinging
Batting: RHB Ismael Villarreal 0-0: Called Strike
0-1: Ground out 5-3 (Groundball, 5, EV 92.5 MPH)
Bottom of the 1st over - 0 runs, 0 hits, 0 errors, 0 left on base; Clearwater 1 - Lakeland 0
TOP OF THE 2ND
Clearwater Threshers batting - Pitching for Lakeland Flying Tigers : LHP Stephen Pikiell
Batting: RHB Nathan Harrison 0-0: Ground out 6-3 (Groundball, 6M, EV 92.5 MPH)
Batting: LHB Marcos Leal 0-0: Ball
1-0: Ball
2-0: Swinging Strike
2-1: Called Strike
2-2: Foul Ball, location: 9LMF
2-2: Strikes out swinging
Batting: LHB Tony Segura 0-0: Called Strike
0-1: Swinging Strike
0-2: Fly out, F4 (Popup, 4M, EV 70.6 MPH)
Top of the 2nd over - 0 runs, 0 hits, 0 errors, 0 left on base; Clearwater 1 - Lakeland 0
BOTTOM OF THE 2ND
Lakeland Flying Tigers batting - Pitching for Clearwater Threshers : RHP Shane Illingworth
Batting: LHB Freddie Brock 0-0: Ball
1-0: Foul Ball, location: 2F
1-1: Ball
2-1: Ball
3-1: Foul Ball, location: 2F
3-2: Foul Ball, location: 5FF
3-2: SINGLE (Groundball, 34D, EV 106.3 MPH)
Batting: RHB Edgardo Ortíz 0-0: Ball
1-0: Called Strike
1-1: Called Strike
1-2: Fielders Choice at 2nd, 5-4 (Groundball, 15, EV 87.5 MPH)
Batting: RHB Carlos Acevedo 0-0: Reached on error, E6 (Groundball, 6, EV 93.1 MPH)
Edgardo Ortíz to second
Batting: RHB Patrick Pelini 0-0: Swinging Strike
0-1: Swinging Strike
0-2: Strikes out swinging
Batting: RHB Jason Clark 0-0: Ball
1-0: Called Strike
1-1: Swinging Strike
1-2: Ball
2-2: Strikes out swinging
Bottom of the 2nd over - 0 runs, 1 hit, 1 error, 2 left on base; Clearwater 1 - Lakeland 0
TOP OF THE 3RD
Clearwater Threshers batting - Pitching for Lakeland Flying Tigers : LHP Stephen Pikiell
Batting: LHB José Gutiérrez 0-0: Ball
1-0: Fly out, F8 (Flyball, 8RD, EV 98.1 MPH)
Batting: RHB Jack Blomgren 0-0: Ball
1-0: Fly out, F4 (Popup, 4, EV 55.6 MPH)
Batting: RHB Nick Miller 0-0: Called Strike
0-1: Ball
1-1: Ball
2-1: Ball
3-1: Foul Ball, location: 9LSF
3-2: Foul Ball, location: 23F
3-2: Foul Ball, location: 2F
3-2: Strikes out looking
Top of the 3rd over - 0 runs, 0 hits, 0 errors, 0 left on base; Clearwater 1 - Lakeland 0
BOTTOM OF THE 3RD
Lakeland Flying Tigers batting - Pitching for Clearwater Threshers : RHP Shane Illingworth
Batting: RHB Braxton Fulford 0-0: Foul Ball, location: 25F
0-1: Ball
1-1: Foul Ball, location: 9LDF
1-2: Foul Ball, location: 2F
1-2: Strikes out swinging
Batting: LHB Julián Colón 0-0: Ball
1-0: Foul Ball, location: 5SF
1-1: SINGLE (Groundball, 56S, EV 66.3 MPH) (infield hit)
Batting: RHB Ambrose MacDonald 0-0: Swinging Strike
0-1: Foul Ball, location: 25F
0-2: Ball
1-2: Ball
2-2: Foul Ball, location: 9LDF
2-2: Ball
3-2: Strikes out swinging
Julián Colón is caught stealing 2nd base 2-4
Batter strikes out.
Bottom of the 3rd over - 0 runs, 1 hit, 0 errors, 0 left on base; Clearwater 1 - Lakeland 0
TOP OF THE 4TH
Clearwater Threshers batting - Pitching for Lakeland Flying Tigers : LHP Stephen Pikiell
Batting: SHB Félix Herrera 0-0: Ball
1-0: Ball
2-0: Ball
3-0: Base on Balls
Batting: LHB Lyndon Holland 0-0: Fly out, F9 (Flyball, 9LSF, EV 87.5 MPH)
Batting: RHB Senen Pakpahan 0-0: Ball
Félix Herrera is caught stealing 2nd base 2-4
1-0: Fly out, F8 (Flyball, 8LD, EV 104.4 MPH)
Top of the 4th over - 0 runs, 0 hits, 0 errors, 0 left on base; Clearwater 1 - Lakeland 0
BOTTOM OF THE 4TH
Lakeland Flying Tigers batting - Pitching for Clearwater Threshers : RHP Shane Illingworth
Batting: RHB Ismael Villarreal 0-0: Ball
1-0: Ball
2-0: Ball
3-0: Called Strike
3-1: DOUBLE (Line Drive, 9LM, EV 96.9 MPH)
Batting: LHB Freddie Brock 0-0: Foul Ball, location: 5SF
0-1: Ball
1-1: Foul Ball, location: 2F
1-2: Fly out, F9 (Flyball, 9D, EV 106.3 MPH)
Batting: RHB Edgardo Ortíz 0-0: Called Strike
0-1: Called Strike
0-2: Ground out 4-3 (Groundball, 4M, EV 79.4 MPH)
Batting: RHB Carlos Acevedo 0-0: Ball
1-0: Ball
2-0: Ball
3-0: Called Strike
3-1: Called Strike
3-2: Foul Ball, location: 2F
3-2: Base on Balls
Batting: RHB Patrick Pelini 0-0: Ball
1-0: Ball
2-0: Foul Ball, location: 2F
2-1: Foul Ball, location: 2F
2-2: Ball
3-2: Ground out 3-1 (Groundball, 34, EV 101.3 MPH)
Bottom of the 4th over - 0 runs, 1 hit, 0 errors, 2 left on base; Clearwater 1 - Lakeland 0
TOP OF THE 5TH
Clearwater Threshers batting - Pitching for Lakeland Flying Tigers : LHP Stephen Pikiell
Batting: RHB Nathan Harrison 0-0: Called Strike
0-1: Swinging Strike
0-2: Ball
1-2: Foul Ball, location: 9LMF
1-2: Strikes out swinging
Batting: LHB Marcos Leal 0-0: Ball
1-0: Called Strike
1-1: Foul Ball, location: 7LMF
1-2: Fly out, F4 (Popup, 23, EV 80.6 MPH)
Batting: LHB Tony Segura 0-0: Called Strike
0-1: Ball
1-1: Fly out, F8 (Flyball, 89S, EV 75.6 MPH)
Top of the 5th over - 0 runs, 0 hits, 0 errors, 0 left on base; Clearwater 1 - Lakeland 0
BOTTOM OF THE 5TH
Lakeland Flying Tigers batting - Pitching for Clearwater Threshers : RHP Shane Illingworth
Batting: RHB Jason Clark 0-0: Called Strike
0-1: Foul Ball, location: 3F
0-2: Ball
1-2: Foul Ball, location: 25F
1-2: Foul Ball, location: 9LMF
1-2: Foul Ball, location: 9LMF
1-2: Fly out, F9 (Flyball, 89S, EV 80.6 MPH)
Batting: RHB Braxton Fulford 0-0: Ground out 6-3 (Groundball, 6S, EV 83.1 MPH)
Batting: LHB Julián Colón 0-0: Called Strike
0-1: Called Strike
0-2: Foul Ball, location: 3F
0-2: Ground out 6-3 (Groundball, 6, EV 77.5 MPH)
Bottom of the 5th over - 0 runs, 0 hits, 0 errors, 0 left on base; Clearwater 1 - Lakeland 0
TOP OF THE 6TH
Clearwater Threshers batting - Pitching for Lakeland Flying Tigers : LHP Stephen Pikiell
Batting: LHB José Gutiérrez 0-0: Called Strike
0-1: Called Strike
0-2: Fly out, F9 (Flyball, 9, EV 89.4 MPH)
Batting: RHB Jack Blomgren 0-0: Ball
1-0: Swinging Strike
1-1: Ball
2-1: Foul Ball, location: 9LSF
2-2: Foul Ball, location: 2F
2-2: Ball
3-2: Strikes out swinging
Batting: RHB Nick Miller 0-0: Called Strike
0-1: Ball
1-1: Called Strike
1-2: Strikes out swinging
Top of the 6th over - 0 runs, 0 hits, 0 errors, 0 left on base; Clearwater 1 - Lakeland 0
BOTTOM OF THE 6TH
Lakeland Flying Tigers batting - Pitching for Clearwater Threshers : RHP Shane Illingworth
Pitching: LHP Austin Jones
Batting: RHB Ambrose MacDonald 0-0: Ball
1-0: Foul Ball, location: 9LSF
1-1: Foul Ball, location: 2F
1-2: Foul Ball, location: 2F
1-2: Ball
2-2: Reached via error on a dropped throw from 1B, E1 (Groundball, 34S, EV 77.5 MPH)
Batting: RHB Ismael Villarreal 0-0: Ball
1-0: Ball
2-0: SINGLE (Groundball, 34D, EV 108.1 MPH)
Ambrose MacDonald to second
Runner from 2nd tries for 3rd, SAFE, throw by RF made to third
Pinch Hitting: SHB Ralph Cook 0-0: Ball
1-0: Called Strike
1-1: Ball
2-1: DOUBLE (Flyball, 89D, EV 98.8 MPH)
Ambrose MacDonald scores
Ismael Villarreal to third
Batting: RHB Edgardo Ortíz 0-0: Ball
1-0: Foul Ball, location: 9LSF
1-1: Ball
2-1: Fly out, F8 (Flyball, 8LXD, EV 99.4 MPH)
Runner from 3rd tags up, SCORES, no throw by CF
Batting: RHB Carlos Acevedo 0-0: Intentional Walk
Batting: RHB Patrick Pelini 0-0: Called Strike
0-1: Ball
1-1: Grounds into double play, U6-3 (Groundball, 4M, EV 87.5 MPH)
Bottom of the 6th over - 2 runs, 2 hits, 1 error, 1 left on base; Clearwater 1 - Lakeland 2
TOP OF THE 7TH
Clearwater Threshers batting - Pitching for Lakeland Flying Tigers : LHP Stephen Pikiell
Now in LF: Ralph Cook
Batting: SHB Félix Herrera 0-0: Ball
1-0: Called Strike
1-1: Swinging Strike
1-2: Strikes out swinging
Batting: LHB Lyndon Holland 0-0: Called Strike
0-1: Called Strike
0-2: Ball
1-2: Ball
2-2: DOUBLE (Line Drive, 7LM, EV 108.8 MPH)
Batting: RHB Senen Pakpahan 0-0: Called Strike
0-1: Swinging Strike
0-2: Ball
1-2: Ball
2-2: Fly out, F3 (Line Drive, 3, EV 68.1 MPH)
Batting: RHB Nathan Harrison 0-0: Foul Ball, location: 9LSF
0-1: Swinging Strike
0-2: Ground out 6-3 (Groundball, 6, EV 85.0 MPH)
Top of the 7th over - 0 runs, 1 hit, 0 errors, 1 left on base; Clearwater 1 - Lakeland 2
BOTTOM OF THE 7TH
Lakeland Flying Tigers batting - Pitching for Clearwater Threshers : LHP Austin Jones
Batting: RHB Jason Clark 0-0: Ball
1-0: Ball
2-0: Foul Ball, location: 2F
2-1: Swinging Strike
2-2: Ball
3-2: Foul Ball, location: 3F
3-2: Foul Ball, location: 2F
3-2: DOUBLE (Groundball, 5L, EV 103.8 MPH)
Batting: RHB Braxton Fulford 0-0: Ball
1-0: Ground out 1-3 (Groundball, 13S, EV 63.1 MPH)
Jason Clark to third
Batting: LHB Julián Colón 0-0: Called Strike
0-1: Called Strike
0-2: Foul Ball, location: 5DF
0-2: Strikes out looking
Batting: RHB Ambrose MacDonald 0-0: Ground out 6-3 (Groundball, 6, EV 85.0 MPH)
Bottom of the 7th over - 0 runs, 1 hit, 0 errors, 1 left on base; Clearwater 1 - Lakeland 2
TOP OF THE 8TH
Clearwater Threshers batting - Pitching for Lakeland Flying Tigers : LHP Stephen Pikiell
Pitching: LHP Marvin Miller
Pinch Hitting: RHB Juan Durán 0-0: Ball
1-0: Foul Ball, location: 2RF
1-1: Called Strike
1-2: SINGLE (Groundball, 4MS, EV 70.6 MPH) (infield hit)
Pinch Hitting: RHB Arnold Barrett 0-0: Ball
1-0: Fly out, F8 (Flyball, 89XD, EV 98.8 MPH)
Pinch Hitting: RHB Phillip Bates 0-0: Ball
1-0: Swinging Strike
1-1: Bunted foul
1-2: Strikes out looking
Batting: RHB Jack Blomgren 0-0: Called Strike
0-1: SINGLE (Groundball, 6MD, EV 105.6 MPH) (infield hit)
Juan Durán to second
Batting: RHB Nick Miller 0-0: Called Strike
0-1: Foul Ball, location: 2F
0-2: Foul Ball, location: 9LDF
0-2: Fielders Choice at 2nd, 5-4 (Groundball, 5D, EV 100.0 MPH)
Top of the 8th over - 0 runs, 2 hits, 0 errors, 2 left on base; Clearwater 1 - Lakeland 2
BOTTOM OF THE 8TH
Lakeland Flying Tigers batting - Pitching for Clearwater Threshers : LHP Austin Jones
Now at C: Phillip Bates
Now at 3B: Arnold Barrett
Now in CF: Juan Durán
Batting: RHB Ismael Villarreal 0-0: Ball
1-0: Ball
2-0: Swinging Strike
2-1: Ball
3-1: Swinging Strike
3-2: Ground out 5-3 (Groundball, 56S, EV 82.5 MPH)
Batting: SHB Ralph Cook 0-0: Called Strike
0-1: Swinging Strike
0-2: Ball
1-2: Ball
2-2: Foul Ball, location: 2F
2-2: Strikes out looking
Batting: RHB Edgardo Ortíz 0-0: Ball
1-0: Ball
2-0: Foul Ball, location: 25F
2-1: Foul Ball, location: 23F
2-2: Ball
3-2: DOUBLE (Groundball, 5L, EV 96.9 MPH)
Batting: RHB Carlos Acevedo 0-0: Intentional Walk
Pitching: RHP Edison Hall
Batting: RHB Patrick Pelini 0-0: Called Strike
0-1: Foul Ball, location: 2F
0-2: Fly out, F7 (Flyball, 7, EV 76.9 MPH)
Bottom of the 8th over - 0 runs, 1 hit, 0 errors, 2 left on base; Clearwater 1 - Lakeland 2
TOP OF THE 9TH
Clearwater Threshers batting - Pitching for Lakeland Flying Tigers : LHP Marvin Miller
Pitching: RHP Ryan Sublette
Now at 1B: Joe Escobar
Now at 3B: Bernard Bunch
Batting: SHB Félix Herrera 0-0: Foul Ball, location: 7LDF
0-1: Swinging Strike
0-2: Ball
1-2: Ball
2-2: SINGLE (Line Drive, 8LS, EV 103.1 MPH)
Batting: LHB Lyndon Holland 0-0: Called Strike
0-1: Foul Ball, location: 5FF
0-2: Ball
1-2: Ball
2-2: Fielders Choice at 2nd, 6-4 (Groundball, 56, EV 81.3 MPH)
Batting: RHB Senen Pakpahan 0-0: Ball
1-0: Ball
2-0: Called Strike
2-1: Fly out, F8 (Flyball, 78S, EV 90.6 MPH)
Batting: RHB Nathan Harrison 0-0: Called Strike
0-1: Called Strike
0-2: Ball
1-2: Foul Ball, location: 5SF
1-2: Ball
2-2: SINGLE (Line Drive, 8LS, EV 91.9 MPH)
Lyndon Holland to second
Runner from 2nd tries for 3rd, SAFE, throw by CF made to third
Batting: RHB Juan Durán 0-0: Ball
1-0: Called Strike
1-1: Swinging Strike
1-2: Ball
2-2: Strikes out swinging
Top of the 9th over - 0 runs, 2 hits, 0 errors, 2 left on base; Clearwater 1 - Lakeland 2
Thursday, April 18th , 2024 - OOTP Baseball 24.11 Build 85